 Dungeon Crawl Stone Soup version 0.21-a0-633-g4c047d5 (webtiles) character file.

2072 Alarkh the Carver (level 9, 55/60 (61) HPs)
             Began as a Demonspawn Skald on Dec 28, 2017.
             Was a Believer of Okawaru.
             Got out of the dungeon alive.
             The game lasted 00:11:26 (5565 turns).

Alarkh the Carver (Demonspawn Skald)                Turns: 5565, Time: 00:11:26

HP:   55/60 (61)    AC:  6    Str: 15    XL:     9   Next: 5%
MP:   21/21         EV: 12    Int: 20    God:    Okawaru [**....]
Gold: 209           SH:  0    Dex: 12    Spells: 6/12 levels left

rFire    . . .     SeeInvis .   a - +1 falchion
rCold    . . .     Gourm    .   (no shield)
rNeg     . . .     Faith    .   b - +0 leather armour
rPois    .         Spirit   .   (helmet restricted)
rElec    .         Reflect  .   (no cloak)
rCorr    .         Harm     .   r - +0 pair of gloves
MR       .....                  (no boots)
Stlth    +.........             (no amulet)
HPRegen  0.20/turn              o - ring of magical power
MPRegen  0.17/turn              p - +3 ring of strength

@: no status effects
A: horns 2, iridescent scales 1, blurry vision 1, clever 1, powered by pain 1,
spiny 1
a: Heroism, Renounce Religion


You escaped.
You worshipped Okawaru.
Okawaru was pleased with you.
You were very hungry.

You visited 1 branch of the dungeon, and saw 5 of its levels.

You collected 209 gold pieces.

Inventory:

Hand Weapons
 a - a +1 falchion (weapon)
Armour
 b - a +0 leather armour (worn)
 l - a +0 helmet
 r - a +0 pair of gloves (worn)
Jewellery
 h - an uncursed ring of ice
 k - an uncursed ring of fire
 o - a ring of magical power (left hand)
 p - a +3 ring of strength (right hand)
Wands
 v - a wand of disintegration (9)
Scrolls
 e - 2 scrolls of identify
 f - 2 scrolls of fear
 g - a scroll of magic mapping
 j - 3 scrolls of teleportation
 m - a scroll of random uselessness {unknown}
 q - 4 scrolls of remove curse
 s - a scroll of amnesia {unknown}
 u - 3 scrolls of enchant weapon
 w - 2 scrolls of blinking {unknown}
 y - a scroll of enchant armour
Potions
 n - a potion of haste
 t - a potion of heal wounds
 x - a potion of resistance
 z - a potion of berserk rage
Books
 c - a book of Battle

   Spells                             Type                      Level
   a - Infusion                       Charms                       1
   b - Shroud of Golubria             Charms/Translocation         2
   c - Song of Slaying                Charms                       2
   d - Spectral Weapon                Hexes/Charms                 3
   e - Regeneration                   Charms/Necromancy            3
Comestibles
 d - 7 rations


   Skills:
 - Level 2.0 Fighting
 + Level 13.7 Long Blades
 - Level 0.8 Armour
 - Level 1.7 Dodging
 - Level 2.0 Spellcasting
 - Level 2.6 Charms


You had 6 spell levels left.
You knew the following spells:

 Your Spells              Type           Power        Failure   Level  Hunger
a - Infusion              Chrm           ##..         6%          1    #......
b - Song of Slaying       Chrm           ##......     10%         2    ##.....
c - Regeneration          Chrm/Necr      #.........   32%         3    ###....


Dungeon Overview and Level Annotations

Branches:
Dungeon (5/15)
 Temple: D:4-7

Altars:
Elyvilon
Okawaru
Yredelemnul
Zin


Innate Abilities, Weirdness & Mutations

You have a pair of horns on your head.
You are partially covered in iridescent scales. (AC +2)
You sometimes gain a little power by taking damage.
You are partially covered in sharp spines.
Scrolls take you a little longer to read.
Your mind is acute. (Int +2)


Message History

You climb upwards.
There is a stone staircase leading down here.
There is a stone staircase leading up here.
You climb upwards.
There is a stone staircase leading down here.
You are feeling very hungry.
(D) Dungeon
Where to? (Enter - D:1, ? - help)
Okay, then.
Unknown command.
(D) Dungeon
Where to? (Enter - D:1, ? - help)
There is a stone staircase leading up here.
You climb upwards.
There is a stone staircase leading down here.
You see here a robe.
You see here a dagger.
There is a staircase leading out of the dungeon here.
Are you sure you want to leave the Dungeon?
This will make you lose the game!
You have escaped!

###.###...............##.#####.#
# #..##.##.###.###.##.##..# #.#
# ##.####################.# #.#
####......................# #.#
...#...######......######.# #.#
####......................####.#
# #...##.)##......##..##.#....#
# #....................(.#.##.#
# ############>@##########..#.#
# #### #.##...#...# #
#.##.#...### # #.##.##.### #
#.#.......# # ###.#.#####.# #
#...#.# #.## #### #.###.# #..#
...# #.# #[# #..#


There were no monsters in sight!

Vanquished Creatures
  The ghost of Nr616 the Cleaver, an amateur MiBe of Trog (D:4)
  2 ice beasts
  2 ogres (D:4)
  A crimson imp (D:5)
  2 hounds (D:4)
  A centaur skeleton (D:4)
  2 orc priests (D:4)
  4 worker ants (D:4)
  A hound skeleton (D:4)
  7 gnolls
  7 adders
  An adder skeleton (D:4)
  A worm (D:3)
  A leopard gecko (D:3)
  6 orcs
  9 bats
  2 giant cockroaches
  4 goblins
  5 hobgoblins
  7 jackals
  2 quokkas
  2 ball pythons
  4 frilled lizards
  4 kobolds
  12 rats
  A spectral orc (D:4)
91 creatures vanquished.

Notes
Turn   | Place    | Note
-------+----------+-------------------------------------------
     0 | D:1      | Alarkh the Demonspawn Skald began the quest for the Orb.
     0 | D:1      | Reached XP level 1. HP: 16/16 MP: 3/3
    17 | D:1      | Reached skill level 2 in Long Blades
   335 | D:1      | Gained mutation: You sometimes gain a little power by taking damage. [demonic ancestry]
   335 | D:1      | Reached XP level 2. HP: 22/22 MP: 5/5
   877 | D:2      | Reached skill level 3 in Long Blades
   951 | D:2      | Reached XP level 3. HP: 14/27 MP: 3/6
  1819 | D:2      | Learned a level 2 spell: Song of Slaying
  1823 | D:2      | Learned a level 3 spell: Regeneration
  1829 | D:2      | Reached skill level 4 in Long Blades
  1829 | D:2      | Gained mutation: You are partially covered in iridescent scales. (AC +2) [demonic ancestry]
  1829 | D:2      | Reached XP level 4. HP: 14/33 MP: 7/7
  2327 | D:2      | Gained mutation: Scrolls take you a little longer to read. [potion of mutation]
  2327 | D:2      | Gained mutation: Your mind is acute. (Int +2) [potion of mutation]
  3044 | D:3      | Found an iron altar of Okawaru.
  3057 | D:3      | Became a worshipper of Warmaster Okawaru
  3103 | D:3      | Reached XP level 5. HP: 36/38 MP: 8/8
  3602 | D:4      | Reached skill level 5 in Long Blades
  4081 | D:4      | Gained mutation: You have a pair of small horns on your head. [demonic ancestry]
  4081 | D:4      | Reached XP level 6. HP: 26/44 MP: 9/9
  4088 | D:4      | Reached skill level 6 in Long Blades
  4097 | D:4      | Noticed Nr616's ghost (amateur MiBe)
  4129 | D:4      | Killed Nr616's ghost
  4129 | D:4      | Reached * piety under Okawaru
  4129 | D:4      | Reached skill level 7 in Long Blades
  4129 | D:4      | Reached XP level 7. HP: 12/49 MP: 2/10
  4451 | D:4      | Found a glowing silver altar of Zin.
  4653 | D:4      | Reached skill level 8 in Long Blades
  5012 | D:4      | Reached ** piety under Okawaru
  5174 | D:4      | Found a white marble altar of Elyvilon.
  5288 | D:4      | Found a basalt altar of Yredelemnul.
  5372 | D:5      | Entered Level 5 of the Dungeon
  5440 | D:5      | Gained mutation: You are partially covered in sharp spines. [demonic ancestry]
  5440 | D:5      | Reached XP level 8. HP: 27/55 MP: 11/11
  5441 | D:5      | Reached skill level 13 in Long Blades
  5441 | D:5      | Gained mutation: You have a pair of horns on your head. [demonic ancestry]
  5441 | D:5      | Reached XP level 9. HP: 29/60 MP: 12/12
  5565 | D:$      | Got out of the dungeon alive.

Vault maps used:
D:1:      dpeg_arrival_line_fractal
D:2:      first_ration, mrwooster_statue_mirror
D:3:      okawaru_metal_pillars_1_2
D:4:      yredelemnul_forgotten_temple_becter, nicolae_overflow_hidden_temple,
          kennysheep_mini_moat, minmay_splitting_lines
D:5:      old_standard_altar, nicolae_ru_sacrificial_ziggurat,
          lemuel_coloured_pillars_altar, temple_pool_b

Skill      XL: |  1  2  3  4  5  6  7  8 |
---------------+-------------------------+-----
Long Blades    | 2 3 4 5 7 8 13 | 13.7
Fighting       | |  2.0
Armour         | |  0.8
Dodging        | |  1.7
Spellcasting   | |  2.0
Charms         | |  2.6

Action                   |  1- 3 |  4- 6 |  7- 9 || total
-------------------------+-------+-------+-------++-------
Melee: Falchion          |    93 |   132 |    53 ||   278
       Headbutt          |       |     5 |    13 ||    18
 Cast: Infusion          |    14 |    17 |    12 ||    43
       Regeneration      |       |     1 |     6 ||     7
  Use: Scroll            |     3 |     5 |     5 ||    13
       Potion            |     2 |     4 |     1 ||     7
  Eat: Chunk             |     3 |     8 |     5 ||    16
Armor: Leather armour    |    47 |    31 |     6 ||    84
       Skin              |       |    14 |       ||    14
Dodge: Dodged            |    90 |    79 |    21 ||   190
       Rpst.: Falchion   |    26 |    23 |    11 ||    60

Table legend:
 A = Spawn XP
 B = Non-spawn XP
 C = Spawn XP percentage of total XP
 D = Spawn monster count
 E = Non-spawn monster count
 F = Spawn count percentage of total count
 G = Total turns spent on level
                    A         B        C        D         E        F      G
               +---------+---------+-------+---------+---------+-------+---------
         Total |       0 |    1508 |   0.0 |       0 |      91 |   0.0 |  5565
               +---------+---------+-------+---------+---------+-------+---------
           D:1 |       0 |      36 |   0.0 |       0 |      14 |   0.0 |  1352
           D:2 |       0 |      77 |   0.0 |       0 |      24 |   0.0 |  1051
           D:3 |       0 |      92 |   0.0 |       0 |      19 |   0.0 |  1337
           D:4 |       0 |    1126 |   0.0 |       0 |      32 |   0.0 |  1748
           D:5 |       0 |     177 |   0.0 |       0 |       2 |   0.0 |    77
               +---------+---------+-------+---------+---------+-------+---------
